 Dungeon Crawl Stone Soup version 0.27-a0-1113-gb2b6fe9c5e (webtiles) character file.

Game seed: 12759847621403357511

91 Gaff the Magician (level 4, -1/33 HPs)
             Began as a Djinni Earth Elementalist on May 1, 2021.
             Slain by an orc wizard
             ... wielding a +0 dagger
              (3 damage)
             ... on level 3 of the Dungeon.
             The game lasted 00:06:30 (2779 turns).

Gaff the Magician (Djinni Earth Elementalist)       Turns: 2779, Time: 00:06:30

Health: -1/33      AC:  3    Str:  7    XL:     4   Next: 57%
Gold:   72         EV: 12    Int: 17    God:
                   SH:  0    Dex: 14

rFire    + + .     SeeInvis .   i - +0 short sword
rCold    x . .     Faith    .   (no shield)
rNeg     . . .     Spirit   .   c - +0 robe
rPois    ∞         Reflect  .   (helmet currently unavailable)
rElec    .         Harm     .   l - +0 cloak
rCorr    .         Rampage  .   (no gloves)
Will     .....                  (boots unavailable)
Stlth    ++........             (no amulet)
HPRegen  0.11/turn              (no ring)
MPRegen  0.00/turn              (no ring)

@: appendages, flying
A: horns 2, flying, fire resistance 2, cold vulnerability 1, float, innate
caster, hp casting, extra vitality 1
a: End Transformation


You were on level 3 of the Dungeon.
You had temporarily grown beastly horns.
You visited 1 branch of the dungeon, and saw 3 of its levels.

You collected 72 gold pieces.

Inventory:

Hand Weapons
 f - a +0 dagger
 i - a +0 short sword (weapon)
Missiles
 g - 72 sling bullets
Armour
 c - a +0 robe (worn)
 l - a +0 cloak (worn)
Jewellery
 h - a ring of magical power
Wands
 j - a wand of acid (11)
Scrolls
 d - 4 scrolls of identify {unknown}
 e - 2 scrolls of fog {unknown}
 k - a scroll of amnesia {unknown}
Potions
 a - a potion of ambrosia {unknown}


   Skills:
 + Level 1.7 Fighting
 - Level 2.2 Dodging
 - Level 1.8 Stealth
 * Level 4.0 Spellcasting


You couldn't memorise any spells.
You knew the following spells:

 Your Spells              Type           Power      Damage    Failure   Level
a - Sandblast             Erth           34%        2d9       3%          1
b - Passwall              Tmut/Erth      14%        N/A       4%          2
c - Stone Arrow           Conj/Erth      34%        3d9       9%          3
d - Petrify               Tmut/Erth      17%        N/A       30%         4
e - Lee's Rapid Deconstr  Erth           8%         3d8*      63%         5
f - Beastly Appendage     Tmut           34%        N/A       3%          1
Your spell library was empty.

Dungeon Overview and Level Annotations

Branches:
Dungeon (3/15)

Altars:

Annotations:
D:2 Jessica


Innate Abilities, Weirdness & Mutations

You have temporarily grown beastly horns.
You are flying.
You are immune to poison.
Your flesh is very heat resistant. (rF++)
You are vulnerable to cold. (rC-)
You float through the air rather than walking.
You learn spells naturally, not from books.
Your magical power is your life essence.
You have superior vitality. (+4 HP)


Message History

Press: ? - help, Shift-Dir - straight line, f - orc wizard
Aim: an orc wizard, wielding a +0 dagger and wearing a +0 robe (74% to hit)
The blast of sand misses the orc wizard.
* * * LOW HITPOINT WARNING * * *
The orc wizard hits you with a +0 dagger.
* * * LOW HITPOINT WARNING * * *
Casting: Sandblast (safe; 3% risk of failure)
Confirm with . or Enter, or press ? or * to list all spells.
Aiming: Sandblast (safe; 3% risk of failure)
Press: ? - help, Shift-Dir - straight line, f/p - orc wizard
Aim: an orc wizard, wielding a +0 dagger and wearing a +0 robe (74% to hit)
The blast of sand hits the orc wizard.
The orc wizard is moderately wounded.
* * * LOW HITPOINT WARNING * * *
The orc wizard hits you with a +0 dagger.
* * * LOW HITPOINT WARNING * * *
Casting: Sandblast (safe; 3% risk of failure)
Confirm with . or Enter, or press ? or * to list all spells.
Aiming: Sandblast (safe; 3% risk of failure)
Press: ? - help, Shift-Dir - straight line, f/p - orc wizard
Aim: an orc wizard, wielding a +0 dagger and wearing a +0 robe (moderately wounded, 74% to hit)
The blast of sand misses the orc wizard.
You now have no stones remaining.
* * * LOW HITPOINT WARNING * * *
The orc wizard closely misses you.
Casting: Sandblast (safe; 3% risk of failure)
Confirm with . or Enter, or press ? or * to list all spells.
You don't have any stones to cast with.
Unknown command.
Casting: Sandblast (safe; 3% risk of failure)
Confirm with . or Enter, or press ? or * to list all spells.
The spell is quite dangerous to cast (9% risk of failure)!
Continue anyway?
Aiming: Stone Arrow (quite dangerous; 9% risk of failure)
Press: ? - help, Shift-Dir - straight line, f/p - orc wizard
Aim: an orc wizard, wielding a +0 dagger and wearing a +0 robe (moderately wounded, 60% to hit)
The stone arrow hits the orc wizard!
The orc wizard is almost dead.
* * * LOW HITPOINT WARNING * * *
The orc wizard hits you with a +0 dagger.
You die...

### #.. #.#########
#.#.......# #
#####.#.#.....#.# #.
...#.#.#.#####. ..
###.#.#.#.# #.. .#
#.......#.# #o# ..#)#
#.#.#.###.# #@#......
####.#.#.###.###.......#
...................!....
.....#.#.###.#####.##.##
######.#...#.# .# ..
.......###.#.#### .#
................ #
#######........
#.....###.###.


You could see an orc wizard.

Vanquished Creatures
  An orc priest (D:3)
  2 dart slugs (D:1)
  An orc (D:3)
  2 ball pythons
  5 endoplasms
  2 giant cockroaches (D:1)
  7 hobgoblins
  2 jackals (D:1)
  5 kobolds
  3 quokkas (D:1)
  5 bats (D:1)
  A frilled lizard (D:1)
  9 goblins
  2 rats
47 creatures vanquished.

Notes
Turn   | Place    | Note
-------+----------+-------------------------------------------
     0 | D:1      | Gaff the Djinni Earth Elementalist began the quest for the
                  | Orb.
     0 | D:1      | Reached XP level 1. HP: 15/15 MP: 0/0
   153 | D:1      | Reached XP level 2. HP: 16/21 MP: 0/0
   255 | D:1      | Reached skill level 3 in Spellcasting
   777 | D:1      | Reached XP level 3. HP: 25/26 MP: 0/0
   777 | D:1      | Learned a level 1 spell: Beastly Appendage
  1473 | D:1      | Reached skill level 1 in Fighting
  2353 | D:2      | Noticed Jessica
  2511 | D:3      | Reached XP level 4. HP: 17/32 MP: 0/0
  2776 | D:3      | Reached skill level 4 in Spellcasting
  2779 | D:3      | Slain by an orc wizard

Illustrated notes

Levels and vault maps discovered:
D:1:      heliophobic_arrival_henge, layout_loops_corners
D:2:      layout_loops_cross, st_stairs_8, uniq_jessica
D:3:      layout_basic, chequers_ecumenical_altar_simple_redux, uniq_robin

Skill      XL: |  1  2  3  4 |
---------------+-------------+-----
Spellcasting   | 3 4 |  4.0
Fighting       | 1 |  1.7
Dodging        | |  2.2
Stealth        | |  1.8

Action                   |  1- 3 |  4- 6 || total
-------------------------+-------+-------++-------
Melee: Dagger            |    94 |       ||    94
       Short sword       |    19 |    10 ||    29
       Headbutt          |    11 |       ||    11
 Cast: Sandblast         |    31 |     6 ||    37
       Beastly Appendage |    14 |     4 ||    18
       Stone Arrow       |       |     1 ||     1
 Stab: Sleeping          |     2 |       ||     2
Armor: Robe              |    25 |       ||    25
Dodge: Dodged            |    74 |     8 ||    82

Table legend: (Time is in decaauts)
 A = Elapsed time spent in this place.
 B = Non-inter-level travel time spent in this place.
 C = Inter-level travel time spent in this place.
 D = Time resting spent in this place.
 E = Time spent auto-exploring this place.
 F = Levels seen in this place.
 G = Mean time per level.
                   A        B        C        D        E       F      G
               +--------+--------+--------+--------+--------+-----+--------+
         Total |   2781 |   2681 |    100 |   1383 |    731 |   3 |  927.0 |
       Dungeon |   2781 |   2681 |    100 |   1383 |    731 |   3 |  927.0 |
               +--------+--------+--------+--------+--------+-----+--------+

Top non-repeatable levels by time:
     D:1: 2230 daAuts
     D:3: 415 daAuts
     D:2: 135 daAuts
